 Dungeon Crawl Stone Soup version 0.25.0-9-g26727b657a (webtiles) character file.

Game seed: 17684702454941847284

27 Esekla the Magician (level 2, -3/16 HPs)
             Began as a Deep Elf Warper on June 20, 2020.
             Was a Follower of Sif Muna.
             Slain by a gnoll
             ... wielding a +0 spear
              (5 damage)
             ... on level 1 of the Dungeon.
             The game lasted 00:07:26 (1050 turns).

Esekla the Magician (Deep Elf Warper)               Turns: 1050, Time: 00:07:27

Health: -3/16      AC:  0    Str:  8    XL:     2   Next: 93%
Magic:  3/8        EV: 13    Int: 17    God:    Sif Muna [*.....]
Gold:   34         SH:  0    Dex: 14    Spells: 4/8 levels left

rFire    . . .     SeeInvis +   a - +0 falchion
rCold    . . .     Gourm    .   (no shield)
rNeg     . . .     Faith    .   (no armour)
rPois    .         Spirit   .   (no helmet)
rElec    .         Reflect  .   (no cloak)
rCorr    .         Harm     .   (no gloves)
MR       .....                  (no boots)
Stlth    +.........             (no amulet)
HPRegen  0.05/turn              g - ring of see invisible
MPRegen  0.11/turn              (no ring)

@: no status effects
A: no striking features
a: Channel Magic, Renounce Religion


You were on level 1 of the Dungeon.
You worshipped Sif Muna.
Sif Muna was aware of your devotion.
You were hungry.

You visited 1 branch of the dungeon, and saw 3 of its levels.

You collected 34 gold pieces.

Inventory:

Hand Weapons
 a - a +0 falchion (weapon)
 h - a cursed -3 short sword
Missiles
 e - 5 boomerangs of dispersal (quivered)
Jewellery
 g - a ring of see invisible (left hand)
Scrolls
 b - a scroll of enchant armour {unknown}
 c - a scroll of identify {unknown}
 d - a scroll of blinking
Comestibles
 f - a ration


   Skills:
 - Level 1.5 Fighting
 * Level 2.4 Long Blades
 + Level 1.2 Throwing
 - Level 0.7 Armour
 * Level 2.6 Dodging
 * Level 3.5 Spellcasting
 * Level 0.2 Charms
 + Level 3.3 Translocations


You had 4 spell levels left.
You knew the following spells:

 Your Spells              Type           Power        Failure   Level  Hunger
a - Shroud of Golubria    Chrm/Tloc      #.....       12%         2    ##.....
b - Blink                 Tloc           N/A          6%          2    ##.....

Your spell library contained the following spells:

 Spells                   Type           Power        Failure   Level  Hunger
 Gell's Gravitas          Tloc           ##........   13%         3    ###....
 Lesser Beckoning         Tloc           ##........   13%         3    ###....
 Teleport Other           Tloc           ##......     13%         3    ###....
 Passage of Golubria      Tloc           N/A          38%         4    ####...


Dungeon Overview and Level Annotations

Branches:
Dungeon (3/15)

Altars:
Sif Muna


Message History

Confirm with . or Enter, or press ? or * to list all spells.
Okay, then.
The gnoll shouts!
Casting: Blink (safe; 6% risk of failure)
Confirm with . or Enter, or press ? or * to list all spells.
Space distorts slightly along a thin shroud covering your body.
The gnoll barely misses you.
You hit the gnoll but do no damage. The gnoll hits you with a +0 spear!
The gnoll hits you with a +0 spear.
* * * LOW HITPOINT WARNING * * *
Your shroud falls apart!
Casting: Shroud of Golubria (safe; 12% risk of failure)
Confirm with . or Enter, or press ? or * to list all spells.
You blink.
The gnoll hits you from afar with a +0 spear.
* * * LOW HITPOINT WARNING * * *
Casting: Blink (safe; 6% risk of failure)
Confirm with . or Enter, or press ? or * to list all spells.
You blink.
The gnoll hits you with a +0 spear.
You die...

#............#
#............# ####
#............# ......
#............# ......
#............# ......
#............# .......
#............#
........###..#.#.#...#
.....$..####.#..@g...+
.####≈≈≈≈≈≈.≈≈≈#.#...#...
.###≈≈≈≈≈≈.≈≈≈≈≈§.........
###≈≈≈≈≈≈≈.≈≈≈≈≈≈#.#......
# ≈≈≈8≈≈≈≈≈.≈≈8≈≈≈.....#..
# ≈≈≈≈≈≈≈≈≈≈.≈≈≈≈≈.#......
# ≈≈≈≈≈≈g≈≈≈.≈≈≈≈≈.#......
# ≈≈≈≈≈≈≈≈≈≈.≈≈≈≈≈.# #.#..
# ≈≈≈≈≈≈≈<..≈≈≈≈≈≈.# ....


You could see a gnoll.

Vanquished Creatures
  An adder (D:2)
  A dart slug (D:2)
  An orc (D:2)
  4 bats (D:2)
  A giant cockroach (D:2)
  2 goblins (D:2)
  2 hobgoblins (D:2)
  A frilled lizard (D:2)
  A rat (D:2)
14 creatures vanquished.

Notes
Turn   | Place    | Note
-------+----------+-------------------------------------------
     0 | D:1      | Esekla the Deep Elf Warper began the quest for the Orb.
     0 | D:1      | Reached XP level 1. HP: 12/12 MP: 6/6
    36 | D:2      | Found a faded altar of an unknown god.
    49 | D:2      | Became a worshipper of Sif Muna the Loreminder
    49 | D:2      | Reached * piety under Sif Muna
   102 | D:2      | Reached XP level 2. HP: 5/16 MP: 8/8
   107 | D:2      | Learned a level 2 spell: Shroud of Golubria
   110 | D:2      | Learned a level 2 spell: Blink
  1050 | D:1      | Slain by a gnoll

Illustrated notes

Levels and vault maps discovered:
D:1:      nzn_arrival_water_spiral, layout_basic,
          hangedman_abyss_or_decor_lesser_grid, minmay_hexomino_c4
D:2:      layout_loops_ring, chequers_ecumenical_altar_simple_redux
D:3:      corexii_shack_village, layout_rooms, uniq_grinder, uniq_robin

Skill      XL: |  1 |
---------------+----+-----
Long Blades    | 2 |  2.4
Fighting       | |  1.5
Throwing       | |  1.2
Armour         | |  0.7
Dodging        | |  2.6
Spellcasting   | |  3.5
Charms         | |  0.2
Translocations | |  3.3

Action                   || total
-------------------------++-------
Melee: Falchion          ||    53
 Cast: Shroud of Golubri ||     8
       Blink             ||     5
Dodge: Dodged            ||    40
       Rpst.: Falchion   ||    12
